 Dungeon Crawl Stone Soup version 0.25.0-37-gb73750e0fb (webtiles) character file.

Game seed: 13317486656971069258

181 Electrofox the Changer (level 5, -7/40 HPs)
             Began as a Draconian Transmuter on July 8, 2020.
             Killed by divine providence
             ... invoked by an orc priest
              (12 damage)
             ... on level 3 of the Dungeon.
             The game lasted 00:22:30 (4222 turns).

Electrofox the Changer (Draconian Transmuter)       Turns: 4222, Time: 00:22:31

Health: -7/40      AC:  8    Str: 13    XL:     5   Next: 34%
Magic:  3/9        EV: 12    Int: 14    God:
Gold:   80         SH:  0    Dex: 11    Spells: 4/10 levels left

rFire    . . .     SeeInvis .     - Unarmed
rCold    . . .     Gourm    .   (no shield)
rNeg     . . .     Faith    .   (armour unavailable)
rPois    .         Spirit   .   (helmet restricted)
rElec    .         Reflect  .   (no cloak)
rCorr    .         Harm     .   (no gloves)
MR       ++...                  d - +2 pair of boots
Stlth    +.........             (no amulet)
HPRegen  0.13/turn              i - ring of protection from magic
MPRegen  0.11/turn              j - ring of protection from magic

@: appendage (expiring)
A: unfitting armour, horns 2, cold-blooded, AC +5
a: End Transformation


You were on level 3 of the Dungeon.
You were not hungry.
You had grown temporary horns.
You visited 1 branch of the dungeon, and saw 3 of its levels.

You collected 80 gold pieces.

Inventory:

Missiles
 a - 45 arrows
 e - 3 curare-tipped darts
 n - 2 throwing nets
 q - 21 poisoned darts (quivered)
 t - 2 javelins
Armour
 d - a +2 pair of boots (worn)
Jewellery
 i - a ring of protection from magic (left hand)
 j - a ring of protection from magic (right hand)
Wands
 v - a wand of iceblast (12)
Scrolls
 b - a scroll of teleportation {unknown}
 h - 2 scrolls of amnesia {unknown}
 l - 3 scrolls of magic mapping {unknown}
 s - a scroll of blinking {unknown}
 w - 3 scrolls of noise {unknown}
 x - a scroll of immolation {unknown}
Potions
 f - a potion of invisibility
 g - 3 potions of lignification
 k - a potion of flight {unknown}
 m - a potion of heal wounds
 o - a potion of brilliance
 p - a potion of curing {unknown}
 u - a potion of berserk rage {unknown}
Comestibles
 c - 3 rations
 r - a chunk of flesh


   Skills:
 - Level 1.1 Fighting
 - Level 2.0 Dodging
 - Level 3.1 Unarmed Combat
 - Level 3.1 Spellcasting
 * Level 4.5 Transmutations
 + Level 1.1 Poison Magic


You had 4 spell levels left.
You knew the following spells:

 Your Spells              Type           Power        Failure   Level  Hunger
a - Beastly Appendage     Tmut           ##....       3%          1    #......
b - Sticks to Snakes      Tmut           ##......     4%          2    ##.....
c - Spider Form           Tmut/Pois      ##........   21%         3    ###....

Your spell library contained the following spells:

 Spells                   Type           Power        Failure   Level  Hunger
 Ice Form                 Ice/Tmut       #.......     63%         4    #####..
 Blade Hands              Tmut           ##........   67%         5    ######.


Dungeon Overview and Level Annotations

Branches:
Dungeon (3/15)

Altars:


Innate Abilities, Weirdness & Mutations

Your plain brown scales are hard. (AC +5)
You cannot fit into any form of body armour.
You are cold-blooded and may be slowed by cold attacks.
You have a pair of horns on your head.


Message History

The orc hits your ball python with a +0 hand axe.
Your ball python misses the orc.
Your ball python barely misses the orc.
You hit the orc.
Your tail-slap misses the orc.
The orc is lightly wounded.
Your ball python barely misses the orc.
Your ball python grabs the orc.
Your ball python constricts the orc.
The orc priest hits your ball python with a +0 dagger.
Your ball python dies!
The orc hits you with a +0 hand axe.
* * * LOW HITPOINT WARNING * * *
You hit the orc.
The orc is moderately wounded.
Your transformation is almost over.
The orc closely misses you.
Casting: Sticks to Snakes (safe; 4% risk of failure)
Confirm with . or Enter, or press ? or * to list all spells.
You create a snake!
You now have 45 arrows.
The orc priest invokes the aid of Beogh against you.
Beogh smites you!
You die...

### o. ..# o. # ..#
.. #. ..# o# #.
..################.#
###.
..............S.@#.#
#...
.....)..........o#.#
#<..
................o).#
#...
.................###
#...
###+########.....#
#... #...# #.....#
#... #.#.# #.....#
#### ##.#.# #.....#
#....######.....#


You could see an orc priest, an orc and a friendly water moccasin.

Vanquished Creatures
  An orc priest (D:3)
  Ijyb (D:2)
  A worker ant (D:2)
  An adder (D:3)
  An ooze (D:1)
  2 dart slugs (D:1)
  A leopard gecko (D:1)
  9 orcs
  3 bats
  A giant cockroach (D:1)
  13 goblins
  6 hobgoblins
  2 jackals (D:1)
  3 quokkas (D:2)
  5 frilled lizards
  14 kobolds
  7 rats
71 creatures vanquished.

Vanquished Creatures (collateral kills)
  An adder (D:2)
1 creature vanquished.

Grand Total: 72 creatures vanquished

Notes
Turn   | Place    | Note
-------+----------+-------------------------------------------
     0 | D:1      | Electrofox the Draconian Transmuter began the quest for the
                  | Orb.
     0 | D:1      | Reached XP level 1. HP: 16/16 MP: 3/3
   329 | D:1      | Reached XP level 2. HP: 23/23 MP: 5/5
   439 | D:1      | You fall into a shaft and drop 1 floor!
   830 | D:1      | Reached XP level 3. HP: 16/28 MP: 4/6
  1199 | D:1      | Reached skill level 3 in Transmutations
  1580 | D:2      | Reached XP level 4. HP: 28/35 MP: 8/8
  1806 | D:2      | Learned a level 2 spell: Sticks to Snakes
  1861 | D:2      | Noticed Ijyb
  2007 | D:2      | Found a faded altar of an unknown god.
  2525 | D:2      | Killed Ijyb
  2867 | D:2      | Learned a level 3 spell: Spider Form
  2876 | D:3      | Reached skill level 4 in Transmutations
  3599 | D:2      | Reached XP level 5. HP: 38/40 MP: 6/9
  3713 | D:3      | Reached skill level 1 in Poison Magic
  4222 | D:3      | Killed from afar by an orc priest

Illustrated notes

Levels and vault maps discovered:
D:1:      dpeg_arrival_leaves_temple_mockup, layout_basic
D:2:      kennysheep_the_goblin_king, layout_loops_corners,
          chequers_ecumenical_altar_simple, minmay_tromino_v4_c
D:3:      layout_basic

Skill      XL: |  1  2  3  4  5 |
---------------+----------------+-----
Dodging        | 2 |  2.0
Transmutations | 3 4 |  4.5
Spellcasting   | 3 |  3.1
Poison Magic   | 1 |  1.1
Fighting       | |  1.1
Unarmed Combat | |  3.1

Action                   |  1- 3 |  4- 6 || total
-------------------------+-------+-------++-------
Melee: Unarmed           |   126 |   186 ||   312
       Tailslap          |    12 |    17 ||    29
       Punch             |     3 |     2 ||     5
       Kick              |     2 |     4 ||     6
       Headbutt          |     1 |    14 ||    15
Throw: Stone             |    38 |       ||    38
       Dart              |       |     5 ||     5
 Cast: Beastly Appendage |     7 |    15 ||    22
       Sticks to Snakes  |       |     7 ||     7
  Use: Scroll            |       |     7 ||     7
 Stab: Sleeping          |       |     1 ||     1
  Eat: Chunk             |     2 |     9 ||    11
Armor: Skin              |    22 |    51 ||    73
Dodge: Dodged            |    79 |   130 ||   209
